 Dungeon Crawl Stone Soup version 0.31.0-4-g52a2dc7128 (webtiles) character file.

Game seed: 2268858432996896105

1 Implojin the Grave Robber (level 1, 0/9 HPs)
             Began as a Vine Stalker Necromancer on Jan 21, 2024.
             Constricted to death by a ball python (1 damage)
             ... on level 1 of the Dungeon.
             The game lasted 00:00:31 (127 turns).

Implojin the Grave Robber (Vine Stalker Necromancer) Turns: 127, Time: 00:00:31

Health: 0/9        AC:  2    Str: 10    XL:     1   Next: 20%
Magic:  0/4        EV:  9    Int: 15    God:
Gold:   33         SH:  0    Dex: 14    Spells: 3/4 levels left

rFire   . . .        d - +0 dagger
rCold   . . .        (no shield)
rNeg    . . .        a - +0 robe
rPois   .            (no helmet)
rElec   .            (no cloak)
rCorr   .            (no gloves)
SInv    .            (no boots)
Will    .....        (no amulet)
Stlth   ++           (no ring)
HPRegen 1.01/turn    (no ring)
MPRegen 0.09/turn

%: guardian spirit
@: constricted
A: fangs 2, regeneration 1, magic shield, antimagic bite, no potion heal 2
a: no special abilities


You were on level 1 of the Dungeon.
You visited 1 branch of the dungeon, and saw 1 of its levels.

You collected 33 gold pieces.

Inventory:

Hand Weapons
 d - a +0 dagger (weapon)
Armour
 a - a +0 robe (worn)
Scrolls
 c - a scroll of vulnerability {unknown}
 e - a scroll of fear {unknown}
Potions
 b - a potion of magic


   Skills:
 - Level 1.5 Dodging
 - Level 2.4 Stealth
 * Level 0.4 Unarmed Combat
 - Level 2.1 Spellcasting
 - Level 4.0 Necromancy


You had 3 spell levels left.
You knew the following spells:

 Your Spells              Type           Power      Damage    Failure   Level
a - Necrotise             Necr           52%        1d6       4%          1

Your spell library contained the following spells:

 Spells                   Type           Power      Damage    Failure   Level
 Vampiric Draining        Necr           13%        2d6       13%         3
 Animate Dead             Necr           13%        N/A       38%         4
 Curse of Agony           Necr           13%        N/A       75%         5


Dungeon Overview and Level Annotations

Branches:
Dungeon (1/15)

Altars:


Innate Abilities, Weirdness & Mutations

You have extremely sharp teeth.
Your natural rate of healing is unusually fast.
When hurt, damage is shared between your health and your magic reserves.
Your bite disrupts and absorbs the magic of your enemies.
Potions cannot restore your health.


Message History

Really attack while wielding nothing? [Y]es or [N]o only, please.
Really attack while wielding nothing? [Y]es or [N]o only, please.
Really attack while wielding nothing? [Y]es or [N]o only, please.
Really attack while wielding nothing? [Y]es or [N]o only, please.
Really attack while wielding nothing?
You hit the ball python but do no damage.
Your bite misses the ball python. The ball python bites you.
The ball python closely misses you. The ball python bites you.
The ball python grabs you. The ball python constricts you.
You hit the ball python.
The ball python is moderately wounded.
The ball python bites you. The ball python constricts you.
Danger: Low HP Warning |T2| Reason: 55% HP (5/9)
You barely miss the ball python. Your bite misses the ball python.
The ball python is moderately wounded.
The ball python bites you. The ball python constricts you.
Danger: Low HP Warning |T3| Reason: 33% HP (3/9)
Okay, then.
d - a +0 dagger (weapon)
The ball python closely misses you. The ball python constricts you.
Unknown command.
Okay, then.
You aren't carrying any items that you can evoke.
Unknown command.
You hit the ball python.
The ball python is severely wounded.
The ball python bites you but does no damage.
The ball python constricts you.
You completely miss the ball python.
The ball python is severely wounded.
The ball python bites you. The ball python constricts you.
Danger: Low HP Warning |T3| Reason: 22% HP (2/9)
You closely miss the ball python.
The ball python is severely wounded.
The ball python bites you. The ball python constricts you.
You die...

#......#.......
.#.##..#........ ####
................
.......###..#....... #
#..#.# #...######..
##.##.#..####.#. #...
...?..........#. #.#.
........S..## #..####.#.
.......@##.## #.#......
......$.....####.......#
......###.#........#####
...... #.####...^..###
..... #..#...##.....#
####. ##...>##......## #
##......###....
#..####........ #.##
#.###....


You could see a ball python.

Vanquished Creatures
  A goblin (D:1)
1 creature vanquished.

Notes
Turn   | Place    | Note
-------+----------+-------------------------------------------
     0 | D:1      | Implojin the Vine Stalker Necromancer began the quest for
                  | the Orb.
     0 | D:1      | Reached XP level 1. HP: 9/9 MP: 4/4
   127 | D:1      | Constricted to death by a ball python

Illustrated notes

Levels and vault maps discovered:
D:1:      eino_arrival_tree_alley, layout_rooms, ebering_ecumenical_altar_rust,
          supply_closet_lemuel, kennysheep_flooded_box, minmay_misc_feat_square

Action                     || total
---------------------------++-------
  Melee: Unarmed           ||     6
         Dagger            ||     3
         Bite              ||     1
 Armour: Robe              ||     9
  Dodge: Dodged            ||     5
